 Dungeon Crawl Stone Soup version 0.28.0-53-g5a82cb258f (webtiles) character file.

Game seed: 908652781358293333

171 Descartes the Shield-Bearer (level 5, -2/41 HPs)
             Began as a Formicid Fighter on July 24, 2022.
             Slain by Grinder (7 damage)
             ... on level 3 of the Dungeon.
             The game lasted 00:03:18 (2191 turns).

Descartes the Shield-Bearer (Formicid Fighter)      Turns: 2191, Time: 00:03:20

Health: -2/41      AC:  8    Str: 23    XL:     5   Next: 81%
Magic:  5/5        EV:  9    Int:  7    God:
Gold:   99         SH:  4    Dex: 10    Spells: 4/4 levels left

rFire   . . .      SeeInvis +   a - +0 war axe
rCold   . . .      Faith    .   c - +0 buckler
rNeg    . . .      Spirit   .   b - +0 scale mail
rPois   .          Reflect  .   (helmet unavailable)
rElec   .          Harm     .   (no cloak)
rCorr   .          Rampage  .   (no gloves)
Will    .....                   n - +0 pair of boots
Stlth   ..........              (no amulet)
HPRegen 0.13/turn               (no ring)
MPRegen 0.09/turn               (no ring)

@: no status effects
A: permanent stasis, dig shafts and tunnels, antennae 3, four strong arms
a: Dig, Shaft Self


You were on level 3 of the Dungeon.
You visited 1 branch of the dungeon, and saw 3 of its levels.

You collected 99 gold pieces.

Inventory:

Hand Weapons
 a - a +0 war axe (weapon)
Missiles
 f - 165 stones
 m - 4 poisoned darts
 q - 4 curare-tipped darts
Armour
 b - a +0 scale mail (worn)
 c - a +0 buckler (worn)
 n - a +0 pair of boots (worn)
Scrolls
 g - 3 scrolls of teleportation {unknown}
 h - 2 scrolls of enchant armour {unknown}
 i - 4 scrolls of identify {unknown}
 k - a scroll of immolation {unknown}
 p - a scroll of blinking {unknown}
Potions
 d - a potion of might
 e - a potion of mutation {unknown}
 j - 2 potions of haste {unknown}
 l - a potion of curing {unknown}
 o - a potion of flight {unknown}


   Skills:
 - Level 3.2 Fighting
 + Level 2.0 Axes
 + Level 4.4 Armour
 + Level 4.8 Shields
 + Level 2.1 Hexes
 + Level 2.2 Translocations


You had 4 spell levels left.
You didn't know any spells.
Your spell library contained the following spells:

 Spells                   Type           Power      Damage    Failure   Level
 Tukima's Dance           Hex            2%         N/A       87%         3
 Anguish                  Hex/Necr       0%         N/A       100%        4
 Enfeeble                 Hex            1%         N/A       100%        7


Dungeon Overview and Level Annotations

Branches:
Dungeon (3/15)

Altars:

Annotations:
D:3 Grinder


Innate Abilities, Weirdness & Mutations

You cannot be hasted, slowed, berserked, paralysed or teleported.
You can dig through walls and to a lower floor.
You have a pair of large antennae on your head. (SInv)
Your four strong arms can wield two-handed weapons with a shield.


Message History

You slash Grinder!
Grinder is moderately wounded.
Grinder gestures at you. Pain shoots through your body!
You block Grinder's attack.
You hit Grinder.
Grinder is heavily wounded.
You block Grinder's attack.
You hit Grinder.
Grinder is heavily wounded.
You block Grinder's attack.
Grinder says, "Just stop there for a second..."
Grinder blinks!
Grinder gestures at you. Pain shoots through your body!
You are too injured to fight recklessly!
You are too injured to fight recklessly!
You are too injured to fight recklessly!
You are too injured to fight recklessly!
You are too injured to fight recklessly!
You are too injured to fight recklessly!
You are too injured to fight recklessly!
You are too injured to fight recklessly!
You are too injured to fight recklessly!
You are too injured to fight recklessly!
You are too injured to fight recklessly!
You are too injured to fight recklessly!
You are too injured to fight recklessly!
You are too injured to fight recklessly!
You hit Grinder.
Grinder is heavily wounded.
Grinder hits you.
You writhe in agony.
* * * LOW HITPOINT WARNING * * *
You hit Grinder.
Grinder is severely wounded.
Grinder hits you.
* * * LOW HITPOINT WARNING * * *
You writhe in agony.
* * * LOW HITPOINT WARNING * * *
Grinder hits you!
You die...

#..............#....#. .#..
#..............#....##### #..
#..........#...+..$...... .....
#####.<..#.#####......... #....
#.....'#.#.....................
#.....'#+###...................
#..........#............. .....
#..........#....###....#.
............#..@.# ...+
####+###+#.....5..# ..#
#........# ... #........# ##
#........# #........'.
.........#.. .#...#....#..
......#....#


You could see Grinder.

Vanquished Creatures
  A scorpion (D:3)
  2 adders
  A worm (D:3)
  3 dart slugs
  4 orcs (D:3)
  6 ball pythons (D:1)
  6 bats
  7 endoplasms
  4 giant cockroaches
  7 goblins
  7 hobgoblins
  4 jackals
  2 quokkas
  4 frilled lizards
  8 kobolds
  12 rats
78 creatures vanquished.

Notes
Turn   | Place    | Note
-------+----------+-------------------------------------------
     0 | D:1      | Descartes the Formicid Fighter began the quest for the Orb.
     0 | D:1      | Reached XP level 1. HP: 18/18 MP: 1/1
    46 | D:1      | Reached XP level 2. HP: 24/24 MP: 2/2
   211 | D:1      | Reached skill level 1 in Translocations
   291 | D:1      | Reached XP level 3. HP: 29/29 MP: 3/3
   678 | D:2      | Reached XP level 4. HP: 35/35 MP: 4/4
   967 | D:2      | Reached skill level 1 in Hexes
  1444 | D:3      | Noticed a scorpion
  1456 | D:3      | Killed a scorpion
  1457 | D:3      | Reached XP level 5. HP: 7/41 MP: 5/5
  2176 | D:3      | Noticed Grinder
  2191 | D:3      | Slain by Grinder

Illustrated notes

Levels and vault maps discovered:
D:1:      onia_arrival_handbag, layout_basic
D:2:      layout_rooms
D:3:      layout_basic, hellmonk_ecumenical_altar_inner_sanctum,
          uniq_crazy_yiuf_cottage, uniq_grinder

Skill      XL: |  1  2  3  4 |
---------------+-------------+-----
Shields        | 4 |  4.8
Translocations | 1 2 |  2.2
Armour         | 4 |  4.4
Hexes          | 2 |  2.1
Fighting       | |  3.2
Axes           | |  2.0

Action                   |  1- 3 |  4- 6 || total
-------------------------+-------+-------++-------
Melee: War axe           |    80 |    98 ||   178
Armor: Scale mail        |    53 |    40 ||    93
Dodge: Dodged            |    46 |    40 ||    86
Block: Buckler           |    29 |    25 ||    54
